 Dungeon Crawl Stone Soup version 0.26-a0-996-g6b303dbc09 (webtiles) character file.

Game seed: 12219018774109812088

32276 PentaManta the Grappler (level 13, 0/119 HPs)
             Began as a Troll Abyssal Knight on Dec 6, 2020.
             Was the Champion of Lugonu.
             Slain by a 12-headed hydra (4 damage)
             ... on level 4 of the Lair of Beasts.
             The game lasted 00:23:32 (12444 turns).

PentaManta the Grappler (Troll Abyssal Knight)     Turns: 12444, Time: 00:23:33

Health: 0/119      AC: 20    Str: 27    XL:     13   Next: 30%
Magic:  17/17      EV: 16    Int:  8    God:    Lugonu [******]
Gold:   606        SH: 12    Dex: 15    Spells: 12/12 levels left

rFire    x . .     SeeInvis .     - Unarmed
rCold    + + .     Faith    .   P - +0 kite shield
rNeg     . . .     Spirit   .   s - +1 ice dragon scales
rPois    .         Reflect  .   (helmet restricted)
rElec    .         Harm     .   G - +2 cloak
rCorr    .         Rampage  .   (gloves unavailable)
MR       .....                  (boots unavailable)
Stlth    ..........             C - amulet of the acrobat
HPRegen  0.69/turn              J - +6 ring of dexterity
MPRegen  0.15/turn              R - +4 ring of evasion

@: no status effects
A: large, unfitting armour, claws 3, regeneration 1, shaggy fur 1, tough skin 3
a: Depart the Abyss, Bend Space, Banish, Corrupt, Enter the Abyss, Brand Weapon
With Distortion, Renounce Religion


You were on level 4 of the Lair of Beasts.
You worshipped Lugonu.
Lugonu was exalted by your worship.
You visited 2 branches of the dungeon, and saw 13 of its levels.
You visited the Abyss 1 time.
You also visited: Ossuary.

You collected 742 gold pieces.
You spent 136 gold pieces at shops.

Inventory:

Hand Weapons
 H - a +2 hunting sling of flaming
Missiles
 t - 13 atropa-tipped darts
 w - 7 poisoned darts
 D - 4 throwing nets
 I - 22 sling bullets
Armour
 s - +1 ice dragon scales (worn)
 G - a +2 cloak (worn)
 P - a +0 kite shield (worn)
Jewellery
 v - an uncursed ring of ice
 C - an amulet of the acrobat (around neck)
 J - a +6 ring of dexterity (left claw)
 N - the ring of Teluab {rC+ rN+ Int-5 Dex+6}
   (You found it on level 1 of the Lair of Beasts)

   [ring of dexterity]

   It affects your intelligence (-5).
   It affects your dexterity (+6).
   It protects you from cold.
   It protects you from negative energy.
 R - a +4 ring of evasion (right claw)
Wands
 x - a wand of random effects (19)
 B - a wand of disintegration (4)
 E - a wand of paralysis (17)
 M - a wand of digging (9)
 Q - a wand of flame (26)
Scrolls
 c - 2 scrolls of enchant weapon
 d - 10 scrolls of teleportation
 g - a scroll of silence {unknown}
 h - 2 scrolls of brand weapon {unknown}
 j - 6 scrolls of remove curse
 l - a scroll of fear
 o - 2 scrolls of blinking
 y - 3 scrolls of magic mapping
 z - a scroll of noise {unknown}
 F - 4 scrolls of identify
 K - a scroll of enchant armour
Potions
 a - 2 potions of brilliance {unknown}
 b - a potion of might
 e - a potion of invisibility
 f - 2 potions of berserk rage
 i - 3 potions of ambrosia {unknown}
 k - 4 potions of heal wounds
 m - 4 potions of lignification
 n - 6 potions of magic
 p - 2 potions of mutation
 q - 4 potions of haste
 r - 2 potions of cancellation
 u - 5 potions of curing
 A - a potion of flight


   Skills:
 + Level 5.5 Fighting
 - Level 7.2 Armour
 - Level 7.5 Dodging
 - Level 9.0 Shields
 - Level 13.0 Unarmed Combat
 - Level 7.7 Invocations


You had 12 spell levels left.
You didn't know any spells.
Your spell library contained the following spells:

 Spells                   Type           Power        Failure   Level
 Magic Dart               Conj           #...         71%         1
 Searing Ray              Conj           #.....       83%         2
 Dazzling Flash           Conj/Hex       #.....       97%         3
 Fulminant Prism          Conj/Hex       #.........   100%        4
 Iskenderun's Mystic Bla  Conj/Tloc      #.......     100%        4


Dungeon Overview and Level Annotations

Branches:
Dungeon (9/15)             Temple (0/1) D:6            Lair (4/6) D:9
 Spider (0/4) Lair:3      Ossuary (visited)
  Swamp: Lair:2-4    Shoals: Lair:2-4       Orc: D:9-12

Altars:
Ashenzari
Elyvilon
Gozag
Okawaru
Qazlal
Trog
Vehumet
The Shining One

Shops:
D:9 *

Annotations:
D:4 3 runed translucent doors, demivan's ghost, amateur MiFi
Abyss:1 Maggie


Innate Abilities, Weirdness & Mutations

You are too large for most types of armour.
You have claws for hands.
Your natural rate of healing is unusually fast.
You are covered in fur. (AC +1)
You have extremely tough skin. (AC +3)


Message History

* * * LOW HITPOINT WARNING * * *
The 12-headed hydra misses you. x2
The 12-headed hydra bites you but does no damage. x2
You block the 12-headed hydra's attack.
The 12-headed hydra bites you but does no damage.
You scratch the 12-headed hydra but do no damage.
The 12-headed hydra is severely wounded.
The 12-headed hydra bites you!
* * * LOW HITPOINT WARNING * * *
The 12-headed hydra bites you.
* * * LOW HITPOINT WARNING * * *
You block the 12-headed hydra's attack.
The 12-headed hydra completely misses you.
The 12-headed hydra closely misses you. The 12-headed hydra bites you.
* * * LOW HITPOINT WARNING * * *
The 12-headed hydra misses you. The 12-headed hydra bites you.
* * * LOW HITPOINT WARNING * * *
The 12-headed hydra bites you but does no damage.
You block the 12-headed hydra's attack. x2; The 12-headed hydra bites you.
You die...

#....#..###...
##.#.#...#....##...
...................
##...... ...........
...................
##........#.........
#.... #....##..#.#..
#.D###...#.#...###.
#/@##P.............
##...#..............
#....#..............
###........PPP......
##...#..P.##...PP.
###..............
#..............
#...............
#.).............


You could see a 12-headed hydra.

Vanquished Creatures
  A hydra (Lair:4)
  Erica (D:9)
  A centaur warrior (D:9)
  5 death yaks (D:8)
  A two-headed ogre (D:9)
  An unseen horror (D:9)
  A lindwurm (Lair:3)
  3 elephants (Lair:2)
  Joseph (D:7)
  7 black mambas
  9 cane toads
  3 komodo dragons
  2 rime drakes
  5 jumping spiders (Lair:3)
  A polar bear (Lair:3)
  14 blink frogs
  3 redbacks (Lair:3)
  5 wyverns
  A vampire (D:9)
  3 basilisks
  32 yaks
  Grum (D:9)
  9 water moccasins
  4 black bears
  2 ice beasts
  8 ogres
  3 orc warriors
  2 phantoms (D:7)
  11 wolves
  3 centaurs
  A big kobold (D:7)
  9 bullfrogs
  2 elf zombies (Ossuary)
  A water moccasin zombie (D:8)
  2 scorpions (D:9)
  17 wights
  3 howler monkeys
  A lava snake (D:8)
  2 centaur zombies
  An orc priest (D:3)
  5 hounds
  A quasit (D:8)
  3 bullfrog skeletons
  A jelly (D:4)
  4 iguanas
  4 orc wizards
  7 worker ants
  A statue (D:6)
  A big kobold zombie (Ossuary)
  3 hound zombies
  2 hound skeletons
  4 mummies (Ossuary)
  2 worker ant zombies
  16 adders
  6 gnolls
  4 shadow imps
  3 white imps
  3 ufetubi
  An adder zombie (D:7)
  An adder skeleton (D:8)
  2 worms
  9 leopard geckos
  37 orcs
  3 ball pythons
  7 bats
  2 giant cockroaches
  6 hobgoblins
  11 jackals
  6 kobolds
  7 quokkas
  4 frilled lizards
  4 goblins
  A goblin zombie (Ossuary)
  2 jackal skeletons
  3 jackal zombies (Ossuary)
  A leopard gecko skeleton (D:6)
  An orc zombie (Ossuary)
  A quokka skeleton (D:4)
  9 rats
  2 rat zombies (Ossuary)
  A bush (D:7)
373 creatures vanquished.

Vanquished Creatures (others)
  A gnoll (D:7)
  An orc (D:9)
  A quokka (D:9)
  6 fungi
  11 plants
20 creatures vanquished.

Grand Total: 393 creatures vanquished

Notes
Turn   | Place    | Note
-------+----------+-------------------------------------------
     0 | Abyss:1  | PentaManta the Troll Abyssal Knight began the quest for the
                  | Orb.
     0 | Abyss:1  | Reached XP level 1. HP: 22/22 MP: 1/1
    47 | Abyss:1  | Found a corrupted altar of Lugonu.
    65 | D:1      | Escaped the Abyss
   216 | D:1      | Reached XP level 2. HP: 29/29 MP: 2/2
   553 | D:1      | Reached skill level 3 in Unarmed Combat
   741 | D:2      | Reached ** piety under Lugonu
   816 | D:2      | Reached XP level 3. HP: 31/36 MP: 3/3
  1049 | D:2      | Reached skill level 4 in Unarmed Combat
  1408 | D:3      | Reached XP level 4. HP: 44/44 MP: 4/4
  1784 | D:3      | Reached skill level 5 in Unarmed Combat
  2077 | D:3      | Reached *** piety under Lugonu
  2137 | D:4      | Reached XP level 5. HP: 50/50 MP: 5/5
  2336 | D:4      | Reached skill level 1 in Armour
  2366 | D:4      | Reached XP level 6. HP: 59/59 MP: 6/6
  2401 | D:4      | Reached skill level 6 in Unarmed Combat
  2821 | D:4      | Found a runed translucent gate.
  2821 | D:4      | Found a runed translucent gate.
  2828 | D:4      | Found a runed translucent gate.
  2828 | D:4      | Noticed demivan's ghost (amateur MiFi)
  2895 | D:5      | Entered Level 5 of the Dungeon
  2971 | D:5      | Reached XP level 7. HP: 66/66 MP: 7/7
  3129 | D:5      | Found an opulent altar of Gozag.
  3449 | D:6      | Found a radiant altar of Vehumet.
  3481 | D:6      | Reached skill level 7 in Unarmed Combat
  3575 | D:6      | Found a staircase to the Ecumenical Temple.
  3605 | D:6      | Reached **** piety under Lugonu
  4107 | D:6      | Found a broken altar of Ashenzari.
  4111 | D:6      | Found a glowing golden altar of the Shining One.
  4120 | D:6      | Reached XP level 8. HP: 74/74 MP: 9/9
  4462 | D:7      | Found the +8 storm bow {elec, penet}
  4593 | D:7      | Reached skill level 8 in Unarmed Combat
  4856 | D:7      | Reached XP level 9. HP: 68/80 MP: 9/11
  4924 | D:7      | Reached skill level 9 in Unarmed Combat
  4928 | D:7      | Reached ***** piety under Lugonu
  5110 | D:7      | Noticed Joseph
  5114 | D:7      | Noticed Maggie
  5123 | D:7      | Banished Maggie
  5126 | D:7      | HP: 4/80 [Joseph/+0 quarterstaff (9)]
  5134 | D:7      | Killed Joseph
  5135 | D:7      | Reached skill level 5 in Dodging
  5481 | D:7      | Reached skill level 5 in Invocations
  5660 | D:8      | Reached skill level 10 in Unarmed Combat
  5660 | D:8      | Found a sand-covered staircase.
  5672 | Ossuary  | Entered an ossuary
  5937 | D:8      | Reached skill level 5 in Armour
  5937 | D:8      | Reached XP level 10. HP: 82/88 MP: 12/12
  6664 | D:9      | Killed an unseen horror
  6686 | D:9      | Noticed a death yak
  6688 | D:9      | Noticed a death yak
  6713 | D:8      | Killed a death yak
  6714 | D:8      | Reached skill level 11 in Unarmed Combat
  6739 | D:9      | Noticed a death yak
  6739 | D:9      | Noticed a death yak
  6752 | D:8      | Killed a death yak
  6874 | D:8      | Killed a death yak
  6876 | D:9      | Noticed a death yak
  6890 | D:8      | Killed a death yak
  6891 | D:8      | Reached XP level 11. HP: 34/94 MP: 14/14
  6991 | D:8      | Killed a death yak
  7059 | D:9      | Found a staircase to the Lair.
  7099 | D:9      | Found a white marble altar of Elyvilon.
  7260 | D:9      | Noticed a centaur warrior
  7283 | D:9      | Killed a centaur warrior
  7405 | D:9      | Noticed a two-headed ogre
  7429 | D:9      | Killed a two-headed ogre
  7430 | D:9      | Reached skill level 12 in Unarmed Combat
  7554 | D:9      | Found a bloodstained altar of Trog.
  7590 | D:9      | Noticed Erica
  7600 | D:9      | Killed Erica
  7726 | D:9      | Found an iron altar of Okawaru.
  7737 | D:9      | Noticed Grum
  7759 | D:9      | Killed Grum
  7792 | D:9      | Found a stormy altar of Qazlal.
  7960 | D:9      | Noticed a two-headed ogre
  7968 | Lair:1   | Entered Level 1 of the Lair of Beasts
  8217 | D:9      | Found Qitzoh's General Store.
  8223 | D:9      | Bought a scroll of teleportation for 51 gold pieces
  8223 | D:9      | Bought a potion of heal wounds for 85 gold pieces
  8755 | Lair:1   | Got a bound bronze ring
  9200 | Lair:1   | Reached XP level 12. HP: 88/104 MP: 16/16
  9277 | Lair:1   | Reached skill level 13 in Unarmed Combat
  9573 | Lair:1   | Reached skill level 1 in Shields
 10029 | Lair:2   | Reached skill level 5 in Shields
 10276 | Lair:2   | Identified the ring of Teluab {rC+ rN+ Int-5 Dex+6} (You
                  | found it on level 1 of the Lair of Beasts)
 10305 | Lair:2   | Found a glowing golden altar of the Shining One.
 10436 | Lair:2   | You fall into a shaft and drop 1 floor!
 10531 | Lair:3   | Found a hole to the Spider Nest.
 11127 | Lair:3   | Reached XP level 13. HP: 101/110 MP: 17/17
 11128 | Lair:3   | Reached ****** piety under Lugonu
 12033 | Lair:4   | Reached skill level 5 in Fighting
 12444 | Lair:4   | HP: 4/119 [12-headed hydra (5)]
 12444 | Lair:4   | Slain by a 12-headed hydra

Illustrated notes

Levels and vault maps discovered:
D:1:      mrwooster_arrival_statue, layout_loops_ring
D:2:      layout_basic, chequers_serial_rivers_micro_b,
          kennysheep_generic_room_5
D:3:      layout_basic, grunt_ministairs_2, chequers_mini_garden
D:4:      minmay_bubble_buster, layout_loops_cross, gammafunk_ghost_necromancy
D:5:      layout_gridville, grunt_gozag_statues
D:6:      layout_gridville, vehumet_statue, overflow_temple_1_default,
          minmay_temple_entry_grid, minivault_27, grunt_ministairs_9,
          tso_metal_star
D:7:      minmay_octagon_keep, layout_basic, kb_lookout_dungeons_type,
          uniq_maggie, uniq_joseph
D:8:      layout_loops_ring, nicolae_ossuary_entry_ruins,
          kennysheep_opposing_triangles
D:9:      layout_stronghold, elyvilon_altar_4, lemuel_round_altar,
          kennysheep_little_box, dpeg_lair_monsters, basic_altar, serial_shops,
          shop, uniq_grum, uniq_erica
Lair:1:   layout_loops_ring
Lair:2:   layout_roguey, elwin_shoals_entry_rocks, basic_altar,
          grunt_megastairs_5
Lair:3:   layout_cave_pods, nicolae_spider_entry_tight_spaces,
          grunt_megastairs_4
Lair:4:   layout_gridlike

Skill      XL: |  1  2  3  4  5  6  7  8  9 10 11 12 13 |
---------------+----------------------------------------+-----
Unarmed Combat | 3 4 5 6 7 8 10 11 12 13 | 13.0
Dodging        | 2 3 4 5 6 7 |  7.5
Armour         | 1 2 3 5 6 7 |  7.2
Invocations    | 2 4 5 6 7 |  7.7
Shields        | 8 9 |  9.0
Fighting       | 5 |  5.5

Action                   |  1- 3 |  4- 6 |  7- 9 | 10-12 | 13-15 || total
-------------------------+-------+-------+-------+-------+-------++-------
Melee: Unarmed           |    94 |   167 |   373 |   679 |   149 ||  1462
       Punch             |       |     4 |    17 |    29 |       ||    50
Invok: Bend Space        |       |       |     1 |     1 |       ||     2
       Banish            |       |       |     1 |       |     1 ||     2
Evoke: Wand              |       |       |       |       |    19 ||    19
  Use: Scroll            |     1 |       |    22 |     2 |       ||    25
       Potion            |       |       |     3 |       |       ||     3
 Stab: Distracted        |       |       |       |       |     1 ||     1
Armor: Robe              |    42 |    35 |       |       |       ||    77
       Ice dragon scales |       |    39 |   256 |   287 |    76 ||   658
       Skin              |       |       |     8 |       |       ||     8
Dodge: Dodged            |    60 |    84 |   241 |   354 |   142 ||   881
Block: Kite shield       |       |       |       |   181 |   124 ||   305

Table legend: (Time is in decaauts)
 A = Elapsed time spent in this place.
 B = Non-inter-level travel time spent in this place.
 C = Inter-level travel time spent in this place.
 D = Time resting spent in this place.
 E = Time spent auto-exploring this place.
 F = Levels seen in this place.
 G = Mean time per level.
                   A        B        C        D        E       F      G
               +--------+--------+--------+--------+--------+-----+--------+
         Total |  12208 |  11870 |    338 |    996 |   8241 |  15 |  813.9 |
       Dungeon |   7979 |   7662 |    317 |    582 |   5333 |   9 |  886.6 |
          Lair |   3950 |   3929 |     21 |    414 |   2763 |   4 |  987.5 |
         Abyss |     65 |     65 |      0 |      0 |     50 |   1 |   65.0 |
       Ossuary |    214 |    214 |      0 |      0 |     95 |   1 |  214.0 |
               +--------+--------+--------+--------+--------+-----+--------+

Top non-repeatable levels by time:
  Lair:1: 1449 daAuts
     D:9: 1414 daAuts
  Lair:3: 1222 daAuts
     D:8: 1168 daAuts
     D:7: 1157 daAuts
     D:6: 896 daAuts
     D:4: 755 daAuts
     D:3: 733 daAuts
  Lair:4: 722 daAuts
     D:2: 679 daAuts
     D:1: 639 daAuts
  Lair:2: 555 daAuts
     D:5: 536 daAuts
 Ossuary: 214 daAuts
 Abyss:1: 65 daAuts
